PCL
MEXICO CITY CERVECEROS @ REDWOOD CITY REDWOODS
09/02/2029
 
TOP OF THE 1ST
Mexico City Cerveceros batting - Pitching for Redwood City Redwoods : RHP Ronnie Jefferson
Pitching: RHP Ronnie Jefferson
Batting: RHB John Dinkins 0-0: Ball
1-0: Called Strike
1-1: Foul Ball, location: 2F
1-2: Strikes out looking
Batting: RHB Murai Ishihara 0-0: Swinging Strike
0-1: Foul Ball, location: 2F
0-2: Strikes out swinging
Batting: RHB Lee Price 0-0: Ball
1-0: Ground out 2-3 (Groundball, 15S)
Top of the 1st over - 0 runs, 0 hits, 0 errors, 0 left on base; Mexico City 0 - Redwood City 0
BOTTOM OF THE 1ST
Redwood City Redwoods batting - Pitching for Mexico City Cerveceros : RHP José Deleón
Pitching: RHP José Deleón
Batting: LHB Tim Ramsey 0-0: SOLO HOME RUN (Flyball, 9LD), Distance : 333 ft
Batting: RHB Robert Downing 0-0: Ball
1-0: Foul Ball, location: 2F
1-1: Ball
2-1: Foul Ball, location: 2F
2-2: Strikes out looking
Batting: LHB Bill McCraney 0-0: Called Strike
0-1: Ground out 6-3 (Groundball, 6D)
Batting: LHB Marcos Pérez 0-0: Ball
1-0: Ball
2-0: Foul Ball, location: 2F
2-1: Fly out, F5 (Line Drive, 5L)
Bottom of the 1st over - 1 run, 1 hit, 0 errors, 0 left on base; Mexico City 0 - Redwood City 1
TOP OF THE 2ND
Mexico City Cerveceros batting - Pitching for Redwood City Redwoods : RHP Ronnie Jefferson
Batting: RHB Henning Huisman 0-0: Ball
1-0: Ball
2-0: Called Strike
2-1: SOLO HOME RUN (Flyball, 9LD), Distance : 321 ft
Batting: LHB Brandon Cummings 0-0: Ball
1-0: Foul Ball, location: 2F
1-1: Swinging Strike
1-2: Ball
2-2: Strikes out looking
Batting: RHB Robinson Pacheco 0-0: Ball
1-0: Foul Ball, location: 2F
1-1: Ball
2-1: Ball
3-1: Base on Balls
Batting: SHB Richard Bowman 0-0: Ball
1-0: Fly out, F7 (Flyball, 7)
Batting: RHB Juan Brieno 0-0: Called Strike
0-1: Called Strike
0-2: SINGLE (Groundball, 56D)
Robinson Pacheco to second
Batting: SHB Scott Compton 0-0: Ball
1-0: Called Strike
1-1: Fly out, F9 (Flyball, 9)
Top of the 2nd over - 1 run, 2 hits, 0 errors, 2 left on base; Mexico City 1 - Redwood City 1
BOTTOM OF THE 2ND
Redwood City Redwoods batting - Pitching for Mexico City Cerveceros : RHP José Deleón
Batting: LHB Frank Young 0-0: Ball
1-0: Called Strike
1-1: Foul Ball, location: 2F
1-2: Fly out, F8 (Flyball, 8RD)
Batting: LHB Arthur Hall 0-0: Foul Ball, location: 2F
0-1: Ground out 4-3 (Groundball, 4)
Batting: RHB Gilberto León 0-0: Ball
1-0: Foul Ball, location: 2F
1-1: Reaches on Catchers interference
Batting: RHB Jason Blair 0-0: Ball
1-0: Called Strike
1-1: Ball
2-1: Foul Ball, location: 2F
2-2: Foul Ball, location: 2F
2-2: Foul Ball, location: 2F
2-2: Fly out, F9 (Flyball, 89S)
Bottom of the 2nd over - 0 runs, 0 hits, 1 error, 1 left on base; Mexico City 1 - Redwood City 1
TOP OF THE 3RD
Mexico City Cerveceros batting - Pitching for Redwood City Redwoods : RHP Ronnie Jefferson
Batting: RHB John Dinkins 0-0: Called Strike
0-1: Called Strike
0-2: Ball
1-2: Strikes out looking
Batting: RHB Murai Ishihara 0-0: Called Strike
0-1: Foul Ball, location: 2F
0-2: Ground out 6-3 (Groundball, 6M)
Batting: RHB Lee Price 0-0: Foul Ball, location: 2F
0-1: Ball
1-1: Ball
2-1: Ball
3-1: Foul Ball, location: 2F
3-2: SINGLE (Groundball, 4MD)
Batting: RHB Henning Huisman 0-0: Ball
1-0: Called Strike
1-1: Ball
2-1: Ball
3-1: Foul Ball, location: 2F
3-2: Foul Ball, location: 2F
3-2: Strikes out swinging, 2-3 out at first.
Top of the 3rd over - 0 runs, 1 hit, 0 errors, 1 left on base; Mexico City 1 - Redwood City 1
BOTTOM OF THE 3RD
Redwood City Redwoods batting - Pitching for Mexico City Cerveceros : RHP José Deleón
Batting: RHB Héctor Vázquez 0-0: Called Strike
0-1: Fly out, F9 (Flyball, 9D)
Batting: LHB Tim Ramsey 0-0: Ball
1-0: Ball
2-0: Called Strike
2-1: Ball
3-1: Base on Balls
Batting: RHB Robert Downing 0-0: Ball
1-0: Called Strike
1-1: Ball
2-1: Ball
3-1: Foul Ball, location: 2F
3-2: Foul Ball, location: 2F
3-2: DOUBLE (Line Drive, 7D)
Tim Ramsey to third
Tim Ramsey scores
Batting: LHB Bill McCraney 0-0: Called Strike
0-1: Ball
1-1: Ball
2-1: Called Strike
2-2: SINGLE (Flyball, 8RS)
Robert Downing to third
Runner from 3rd tries for Home, SAFE, no throw
Batting: LHB Marcos Pérez 0-0: Fly out, F8 (Flyball, 78M)
Batting: LHB Frank Young 0-0: Swinging Strike
0-1: Ground out 4-3 (Groundball, 4)
Bottom of the 3rd over - 2 runs, 2 hits, 0 errors, 1 left on base; Mexico City 1 - Redwood City 3
TOP OF THE 4TH
Mexico City Cerveceros batting - Pitching for Redwood City Redwoods : RHP Ronnie Jefferson
Batting: LHB Brandon Cummings 0-0: Called Strike
0-1: Ball
1-1: Fly out, F9 (Flyball, 9)
Batting: RHB Robinson Pacheco 0-0: Called Strike
0-1: Ball
1-1: Called Strike
1-2: SOLO HOME RUN (Line Drive, 7D), Distance : 359 ft
Batting: SHB Richard Bowman 0-0: Ball
1-0: Ball
2-0: Ball
3-0: Called Strike
3-1: Foul Ball, location: 2F
3-2: Foul Ball, location: 2F
3-2: Fly out, F7 (Flyball, 78S)
Batting: RHB Juan Brieno 0-0: Called Strike
0-1: Ball
1-1: Called Strike
1-2: Foul Ball, location: 2F
1-2: Strikes out swinging
Top of the 4th over - 1 run, 1 hit, 0 errors, 0 left on base; Mexico City 2 - Redwood City 3
BOTTOM OF THE 4TH
Redwood City Redwoods batting - Pitching for Mexico City Cerveceros : RHP José Deleón
Batting: LHB Arthur Hall 0-0: Foul Ball, location: 2F
0-1: Foul Ball, location: 2F
0-2: Fly out, F8 (Flyball, 8LD)
Batting: RHB Gilberto León 0-0: Ground out 6-3 (Groundball, 6)
Batting: RHB Jason Blair 0-0: SINGLE (Groundball, 34D)
Batting: RHB Héctor Vázquez 0-0: Ball
Jason Blair steals 2nd base
1-0: Swinging Strike
1-1: Foul Ball, location: 2F
1-2: Fly out, F7 (Flyball, 7)
Bottom of the 4th over - 0 runs, 1 hit, 0 errors, 1 left on base; Mexico City 2 - Redwood City 3
TOP OF THE 5TH
Mexico City Cerveceros batting - Pitching for Redwood City Redwoods : RHP Ronnie Jefferson
Batting: SHB Scott Compton 0-0: Ball
1-0: Called Strike
1-1: Ball
2-1: DOUBLE (Line Drive, 9D)
Batting: RHB John Dinkins 0-0: Ball
1-0: Called Strike
1-1: Foul Ball, location: 2F
1-2: Strikes out looking
Batting: RHB Murai Ishihara 0-0: Called Strike
0-1: Ball
1-1: Swinging Strike
1-2: Ball
2-2: Ball
3-2: Strikes out swinging
Batting: RHB Lee Price 0-0: Ball
1-0: Called Strike
1-1: Called Strike
1-2: Ground out 6-3 (Groundball, 6)
Top of the 5th over - 0 runs, 1 hit, 0 errors, 1 left on base; Mexico City 2 - Redwood City 3
BOTTOM OF THE 5TH
Redwood City Redwoods batting - Pitching for Mexico City Cerveceros : RHP José Deleón
Batting: LHB Tim Ramsey 0-0: Foul Ball, location: 2F
0-1: Foul Ball, location: 2F
0-2: Ball
1-2: Ball
2-2: Fly out, F8 (Flyball, 8LXD)
Batting: RHB Robert Downing 0-0: Ball
1-0: Called Strike
1-1: Ball
2-1: Foul Ball, location: 2F
2-2: SINGLE (Line Drive, 56D)
Batting: LHB Bill McCraney 0-0: Ball
Robert Downing steals 2nd base
1-0: SINGLE (Groundball, 34D)
Robert Downing to third
Runner from 3rd tries for Home, SAFE, no throw
Batting: LHB Marcos Pérez 0-0: Ball
1-0: Foul Ball, location: 2F
1-1: Called Strike
1-2: Ball
2-2: Foul Ball, location: 2F
2-2: Foul Ball, location: 2F
2-2: Ball
3-2: Fly out, F7 (Flyball, 78S)
Pitching: RHP David Sheppard
Batting: LHB Frank Young 0-0: Ball
1-0: Ball
2-0: Called Strike
2-1: Called Strike
2-2: SINGLE (Groundball, 6MD)
Bill McCraney to second
Batting: LHB Arthur Hall 0-0: Fly out, F8 (Flyball, 8LM)
Bottom of the 5th over - 1 run, 3 hits, 0 errors, 2 left on base; Mexico City 2 - Redwood City 4
TOP OF THE 6TH
Mexico City Cerveceros batting - Pitching for Redwood City Redwoods : RHP Ronnie Jefferson
Pitching: RHP Carlos Rodríguez
Batting: RHB Henning Huisman 0-0: Fly out, F4 (Line Drive, 4)
Batting: LHB Brandon Cummings 0-0: Called Strike
0-1: Ball
1-1: Ball
2-1: Ball
3-1: Foul Ball, location: 2F
3-2: Base on Balls
Batting: RHB Robinson Pacheco 0-0: Foul Ball, location: 2F
0-1: Swinging Strike
0-2: Ball
1-2: Ball
2-2: Foul Ball, location: 2F
2-2: SINGLE (Groundball, 34S) (infield hit)
Brandon Cummings to second
Batting: SHB Richard Bowman 0-0: Grounds into double play, 6-4-3 (Groundball, 6)
Top of the 6th over - 0 runs, 1 hit, 0 errors, 1 left on base; Mexico City 2 - Redwood City 4
BOTTOM OF THE 6TH
Redwood City Redwoods batting - Pitching for Mexico City Cerveceros : RHP David Sheppard
Batting: RHB Gilberto León 0-0: Called Strike
0-1: SINGLE (Line Drive, 8LS)
Batting: RHB Jason Blair 0-0: Called Strike
0-1: Ball
1-1: Ball
2-1: Ball
3-1: Fly out, F8 (Flyball, 89D)
Batting: RHB Héctor Vázquez 0-0: Swinging Strike
0-1: Called Strike
0-2: Strikes out swinging
Batting: LHB Tim Ramsey 0-0: Called Strike
0-1: Ball
1-1: Foul Ball, location: 2F
1-2: SINGLE (Groundball, 4MD)
Gilberto León to second
Runner from 2nd tries for 3rd, SAFE, throw made to third
Batting: RHB Robert Downing 0-0: Ball
1-0: Ball
2-0: SINGLE (Flyball, 3D)
Gilberto León scores
Tim Ramsey to second
Runner from 2nd tries for 3rd, SAFE, no throw
Batting: LHB Bill McCraney 0-0: Called Strike
0-1: Ground out 1-3 (Groundball, 15S)
Bottom of the 6th over - 1 run, 3 hits, 0 errors, 2 left on base; Mexico City 2 - Redwood City 5
TOP OF THE 7TH
Mexico City Cerveceros batting - Pitching for Redwood City Redwoods : RHP Carlos Rodríguez
Batting: RHB Juan Brieno 0-0: Called Strike
0-1: Ground out U3 (Groundball, 34)
Batting: SHB Scott Compton 0-0: DOUBLE (Groundball, 3L)
Batting: RHB John Dinkins 0-0: Called Strike
0-1: Swinging Strike
0-2: Foul Ball, location: 2F
0-2: Ball
1-2: Fly out, F9 (Flyball, 9LD)
Runner from 2nd tags up, SAFE at 3rd, no throw
Batting: RHB Murai Ishihara 0-0: Swinging Strike
0-1: Swinging Strike
0-2: Ball
1-2: Foul Ball, location: 2F
1-2: Ball
2-2: Strikes out swinging
Top of the 7th over - 0 runs, 1 hit, 0 errors, 1 left on base; Mexico City 2 - Redwood City 5
BOTTOM OF THE 7TH
Redwood City Redwoods batting - Pitching for Mexico City Cerveceros : RHP David Sheppard
Batting: LHB Marcos Pérez 0-0: Ball
1-0: Foul Ball, location: 2F
1-1: Swinging Strike
1-2: Ball
2-2: Fly out, F8 (Flyball, 8LM)
Batting: LHB Frank Young 0-0: Ball
1-0: Fly out, F8 (Flyball, 8LD)
Batting: LHB Arthur Hall 0-0: Ball
1-0: Ground out 4-3 (Groundball, 4)
Bottom of the 7th over - 0 runs, 0 hits, 0 errors, 0 left on base; Mexico City 2 - Redwood City 5
TOP OF THE 8TH
Mexico City Cerveceros batting - Pitching for Redwood City Redwoods : RHP Carlos Rodríguez
Batting: RHB Lee Price 0-0: Called Strike
0-1: Ball
1-1: Ball
2-1: Swinging Strike
2-2: Foul Ball, location: 2F
2-2: Strikes out looking
Batting: RHB Henning Huisman 0-0: Called Strike
0-1: Foul Ball, location: 2F
0-2: Ball
1-2: Strikes out looking
Batting: LHB Brandon Cummings 0-0: Fly out, F4 (Line Drive, 4)
Top of the 8th over - 0 runs, 0 hits, 0 errors, 0 left on base; Mexico City 2 - Redwood City 5
BOTTOM OF THE 8TH
Redwood City Redwoods batting - Pitching for Mexico City Cerveceros : RHP David Sheppard
Batting: RHB Gilberto León 0-0: Fly out, F3 (Line Drive, 34)
Batting: RHB Jason Blair 0-0: Ball
1-0: Called Strike
1-1: Foul Ball, location: 2F
1-2: Ball
2-2: Foul Ball, location: 2F
2-2: Foul Ball, location: 2F
2-2: SINGLE (Groundball, 6MD)
Pitching: RHP Manuel Zarate
Batting: RHB Héctor Vázquez 0-0: Ball
1-0: Called Strike
1-1: Foul Ball, location: 2F
1-2: SINGLE (Line Drive, 6)
Jason Blair to second
Batting: LHB Tim Ramsey 0-0: Ball
1-0: Called Strike
1-1: Ball
2-1: Foul Ball, location: 2F
2-2: Foul Ball, location: 2F
2-2: SINGLE (Groundball, 34S) (infield hit)
Jason Blair to third
Héctor Vázquez to second
Pinch Hitting: LHB Richard Olvera 0-0: Called Strike
0-1: SINGLE (Line Drive, 9LM)
Jason Blair scores
Héctor Vázquez to third
Tim Ramsey to second
Runner from 3rd tries for Home, SAFE, no throw
Batting: LHB Bill McCraney 0-0: Swinging Strike
0-1: Foul Ball, location: 2F
0-2: SINGLE (Groundball, 6MD)
Tim Ramsey to third
Richard Olvera to second
Runner from 3rd tries for Home, SAFE, throw made home
Batting: LHB Marcos Pérez 0-0: Ball
1-0: Foul Ball, location: 2F
1-1: Ball
2-1: Foul Ball, location: 2F
2-2: Foul Ball, location: 2F
2-2: Grounds into double play, 3-6-1 (Groundball, 3)
Bottom of the 8th over - 3 runs, 5 hits, 0 errors, 1 left on base; Mexico City 2 - Redwood City 8
TOP OF THE 9TH
Mexico City Cerveceros batting - Pitching for Redwood City Redwoods : RHP Carlos Rodríguez
Now at 1B: Vicente Chávez
Now at 2B: Jesús Cuevas
Now at SS: David Strickland
Batting: RHB Robinson Pacheco 0-0: Foul Ball, location: 2F
0-1: Ball
1-1: Ball
2-1: Foul Ball, location: 2F
2-2: SINGLE (Line Drive, 56D)
Batting: SHB Richard Bowman 0-0: Called Strike
0-1: Ball
1-1: Ball
2-1: Grounds into double play, 4-6-3 (Groundball, 4)
Batting: RHB Juan Brieno 0-0: Called Strike
0-1: Ball
1-1: Ground out 4-3 (Groundball, 4)
Top of the 9th over - 0 runs, 1 hit, 0 errors, 0 left on base; Mexico City 2 - Redwood City 8
Saturday, December 16th, 2017 - OOTP Baseball 18.8 Build 76